 Dungeon Crawl Stone Soup version 0.22-a0-179-gb5258fd (webtiles) character file.

2037 wolfsongas the Thaumaturge (level 9, -11/65 HPs)
             Began as a Gnoll Wanderer on Feb 13, 2018.
             Was a Believer of Trog.
             Mangled by an orc warrior
             ... wielding a +0 short sword
              (14 damage)
             ... on level 7 of the Dungeon.
             The game lasted 00:07:15 (5761 turns).

wolfsongas the Thaumaturge (Gnoll Wanderer)         Turns: 5761, Time: 00:07:15

Health: -11/65     AC: 14    Str: 20    XL:     9   Next: 24%
Magic:  22/23      EV:  8    Int: 17    God:    Trog [**....]
Gold:   284        SH:  5    Dex: 14    Spells: 28/28 levels left

rFire    + . .     SeeInvis .   l - +6 mace "Hiadalul" {freeze, *Rage rN+ Int+4}
rCold    + . .     Gourm    +   c - +0 buckler
rNeg     + . .     Faith    .   j - +2 plate armour
rPois    .         Spirit   .   (no helmet)
rElec    .         Reflect  .   b - scarf {rC+ rF+}
rCorr    .         Harm     .   (no gloves)
MR       .....     Rnd*Rage +   (no boots)
Stlth    ..........             e - amulet of the gourmand
HPRegen  0.20/turn              n - ring of loudness (curse)
MPRegen  0.18/turn              (no ring)

@: berserk cooldown, slowed, very slow
A: distributed training, fangs 1, strong nose
a: Berserk, Trog's Hand, Burn Spellbooks, Renounce Religion


You were on level 7 of the Dungeon.
You worshipped Trog.
Trog was pleased with you.
You were very full.

You visited 1 branch of the dungeon, and saw 7 of its levels.

You collected 284 gold pieces.

Inventory:

Hand Weapons
 l - the +6 mace "Hiadalul" (weapon) {freeze, *Rage rN+ Int+4}
   (You found it on level 4 of the Dungeon)

   It has been specially enchanted to freeze those struck by it, causing extra
   injury to most foes and up to half again as much damage against particularly
   susceptible opponents.
   It can also slow down cold-blooded creatures.
   It affects your intelligence (+4).
   It protects you from negative energy.
   It may make you go berserk in combat.
Missiles
 g - 4 poisoned javelins (quivered)
Armour
 b - a scarf of resistance (worn)
 c - a +0 buckler (worn)
 j - a +2 plate armour (worn)
Jewellery
 e - an amulet of the gourmand (around neck)
 n - a cursed ring of loudness (left hand)
Scrolls
 a - 2 scrolls of teleportation
 d - a scroll of magic mapping
 k - a scroll of blinking
Comestibles
 f - 9 rations


   Skills:
 + Level 4.0 Fighting
 + Level 4.0 Short Blades
 + Level 4.0 Long Blades
 + Level 4.8 Axes
 + Level 4.0 Maces & Flails
 + Level 4.0 Polearms
 + Level 4.0 Staves
 + Level 4.0 Slings
 + Level 4.0 Bows
 + Level 4.0 Crossbows
 + Level 4.8 Throwing
 + Level 6.1 Armour
 + Level 4.0 Dodging
 + Level 4.0 Stealth
 + Level 4.8 Shields
 + Level 4.0 Unarmed Combat
 + Level 10.1 Spellcasting
 + Level 3.2 Conjurations
 + Level 3.2 Hexes
 + Level 3.2 Charms
 + Level 3.2 Summonings
 + Level 3.2 Necromancy
 + Level 3.2 Translocations
 + Level 4.0 Transmutations
 + Level 3.2 Fire Magic
 + Level 3.2 Ice Magic
 + Level 3.2 Air Magic
 + Level 3.2 Earth Magic
 + Level 3.2 Poison Magic
 + Level 4.4 Invocations
 + Level 4.0 Evocations


You had 28 spell levels left.
You didn't know any spells.

Dungeon Overview and Level Annotations

Branches:
Dungeon (7/15)             Temple (0/1) D:5

Altars:
Cheibriados
Dithmenos
Nemelex Xobeh
Trog
Uskayaw
Wu Jian
Zin


Innate Abilities, Weirdness & Mutations

Your experience applies equally to all skills.
You have very sharp teeth.
Your uncanny sense of smell can sniff out nearby items.


Message History

The freed slave closely misses something.
The freed slave hits the orc priest!
The orc priest dies!
The orc warrior hits you with a short sword.
* * * LOW HITPOINT WARNING * * *
The bullfrog hits you.
* * * LOW HITPOINT WARNING * * *
The scorpion stings the freed slave.
Something hits you but does no damage.
Something hits the freed slave but does no damage.
The freed slave hits the scorpion.
The freed slave closely misses something.
You block the orc warrior's attack.
You feel better. The bullfrog hits you.
* * * LOW HITPOINT WARNING * * *
The scorpion misses the freed slave.
Something hits you but does no damage.
Something hits the freed slave.
The bullfrog closely misses you.
The freed slave closely misses something.
The freed slave hits the scorpion.
The orc warrior hits you with a short sword!
You die...

####..## ..
#.....<##.
.# #.....>..
...#.......#
.....){..#
..sp†># ∆
#oF.####..
#@pp.....
##..#.....
#<.)# ...
.........##
) .....###.#
.... ... ...
.(.. ##
.#### .. ∆∆


You could see an orc warrior, a bullfrog, a scorpion and 3 neutral freed slaves.

Vanquished Creatures
  Pikel (D:7)
  A hornet (D:6)
  Prince Ribbit (D:5)
  Duvessa (D:4)
  An orc warrior (D:6)
  A phantom (D:5)
  An ogre (D:4)
  A centaur (D:5)
  A bullfrog (D:5)
  Dowan (D:4)
  A howler monkey (D:4)
  A jelly (D:6)
  3 orc priests (D:5)
  2 bullfrog skeletons
  Terence (D:2)
  Jessica (D:2)
  4 orc wizards
  A hound skeleton (D:4)
  8 adders
  3 worms
  5 dart slugs
  2 leopard geckos
  13 orcs
  2 ball pythons (D:3)
  4 bats
  3 giant cockroaches
  5 goblins
  6 hobgoblins
  9 jackals
  15 kobolds
  3 quokkas
  5 frilled lizards
  A quokka skeleton (D:4)
  8 rats
116 creatures vanquished.

Vanquished Creatures (others)
  An orc priest (D:7)
  A bat (D:6)
  A quokka (D:7)
3 creatures vanquished.

Grand Total: 119 creatures vanquished

Notes
Turn   | Place    | Note
-------+----------+-------------------------------------------
     0 | D:1      | Reached skill level 9 in Spellcasting
     0 | D:1      | wolfsongas the Gnoll Wanderer began the quest for the Orb.
     0 | D:1      | wolfsongas set off with: a +2 scale mail, a potion of curing, a +0 buckler, a +0 club, a ration
     0 | D:1      | Reached XP level 1. HP: 13/13 MP: 10/10
   311 | D:1      | Reached XP level 2. HP: 4/19 MP: 12/12
  1292 | D:2      | Noticed Jessica
  1304 | D:2      | Killed Jessica
  1304 | D:2      | Reached skill level 1 in Invocations
  1304 | D:2      | Reached XP level 3. HP: 9/25 MP: 13/13
  1312 | D:2      | Found a bloodstained altar of Trog.
  1531 | D:2      | Reached skill level 1 in Fighting
  1531 | D:2      | Reached skill level 1 in Short Blades
  1531 | D:2      | Reached skill level 1 in Long Blades
  1531 | D:2      | Reached skill level 1 in Maces & Flails
  1531 | D:2      | Reached skill level 1 in Polearms
  1531 | D:2      | Reached skill level 1 in Staves
  1531 | D:2      | Reached skill level 1 in Slings
  1531 | D:2      | Reached skill level 1 in Bows
  1531 | D:2      | Reached skill level 1 in Crossbows
  1531 | D:2      | Reached skill level 1 in Dodging
  1531 | D:2      | Reached skill level 1 in Stealth
  1531 | D:2      | Reached skill level 1 in Unarmed Combat
  1531 | D:2      | Reached skill level 1 in Evocations
  1545 | D:2      | HP: 1/26 [poisoned by an adder]
  1545 | D:2      | Reached XP level 4. HP: 2/32 MP: 15/15
  2135 | D:2      | Noticed a hand axe
  2136 | D:2      | Noticed a dagger
  2136 | D:2      | Found a hide-covered altar of Uskayaw.
  2290 | D:2      | Noticed Terence
  2354 | D:2      | Killed Terence
  2354 | D:2      | Reached skill level 1 in Conjurations
  2354 | D:2      | Reached skill level 1 in Hexes
  2354 | D:2      | Reached skill level 1 in Charms
  2354 | D:2      | Reached skill level 1 in Summonings
  2354 | D:2      | Reached skill level 1 in Necromancy
  2354 | D:2      | Reached skill level 1 in Translocations
  2354 | D:2      | Reached skill level 1 in Fire Magic
  2354 | D:2      | Reached skill level 1 in Ice Magic
  2354 | D:2      | Reached skill level 1 in Air Magic
  2354 | D:2      | Reached skill level 1 in Earth Magic
  2354 | D:2      | Reached skill level 1 in Poison Magic
  2361 | D:2      | HP: 1/32 [quokka (2)]
  2368 | D:2      | HP: 1/32 [bat (1)]
  2690 | D:2      | Reached XP level 5. HP: 35/37 MP: 16/16
  3523 | D:3      | Found a sparkling altar of Nemelex Xobeh.
  3609 | D:3      | Found an ornate altar of the Wu Jian Council.
  3637 | D:3      | Found a faded altar of an unknown god.
  3649 | D:3      | Became a worshipper of Trog the Wrathful
  3649 | D:3      | Reached * piety under Trog
  3780 | D:4      | Reached XP level 6. HP: 41/44 MP: 18/18
  3784 | D:4      | Found a shadowy altar of Dithmenos.
  3785 | D:4      | Noticed Duvessa
  3786 | D:4      | Noticed Dowan
  3793 | D:4      | Killed Duvessa
  3793 | D:4      | Reached skill level 5 in Armour
  3804 | D:4      | Got a shimmering mace
  3805 | D:4      | Identified the +6 mace "Hiadalul" {freeze, *Rage rN+ Int+4} (You found it on level 4 of the Dungeon)
  3812 | D:4      | Killed Dowan
  3812 | D:4      | Reached XP level 7. HP: 36/50 MP: 20/20
  3963 | D:4      | Found a snail-covered altar of Cheibriados.
  4345 | D:5      | Entered Level 5 of the Dungeon
  4457 | D:5      | Reached ** piety under Trog
  4494 | D:5      | Found a staircase to the Ecumenical Temple.
  4587 | D:5      | Reached XP level 8. HP: 57/57 MP: 21/21
  4699 | D:5      | Noticed Prince Ribbit
  4707 | D:5      | Killed Prince Ribbit
  4921 | D:6      | Noticed a hornet
  4924 | D:6      | Paralysed by a hornet for 3 turns
  4929 | D:6      | HP: 1/58 [hornet (6)]
  4930 | D:6      | Paralysed by a hornet for 1 turns
  4933 | D:6      | Killed a hornet
  5720 | D:6      | Found a glowing silver altar of Zin.
  5745 | D:7      | Noticed Pikel
  5756 | D:7      | Killed Pikel
  5756 | D:7      | Reached skill level 10 in Spellcasting
  5756 | D:7      | Reached XP level 9. HP: 39/65 MP: 21/23
  5760 | D:7      | HP: 3/65 [bullfrog (1)]
  5761 | D:7      | Mangled by an orc warrior

Vault maps used:
D:1:      minmay_arrival_up_and_down, minivault_25
D:2:      dancing_weapons_uskayaw, first_ration, trog_three_pillars_becter,
          uniq_terence, uniq_jessica
D:3:      lemuel_doored_altar, chequers_ecumenical_altar_simple_redux,
          nemelex_diamond_rough_becter
D:4:      grunt_dithmenos_smoke, kennysheep_slug_shrine, uniq_duvessa
D:5:      cheibrodos_thug_alley, minmay_temple_entry_butterflies, serial_shops,
          nicolae_shop_waterfront, uniq_prince_ribbit1
D:6:      kennysheep_mini, lemuel_old_faithful
D:7:      nicolae_ru_the_path_less_chosen, nicolae_overflow_crystal_walls,
          the_bakery, chei_slow_surprise, uniq_pikel, uniq_joseph,
          uniq_crazy_yiuf_cottage

Skill      XL: |  1  2  3  4  5  6  7  8 |
---------------+-------------------------+-----
Spellcasting   | 10 | 10.1
Transmutations | 2 3 4 |  4.0
Invocations    | 1 2 3 4 |  4.4
Fighting       | 1 2 4 |  4.0
Short Blades   | 1 2 4 |  4.0
Long Blades    | 1 2 4 |  4.0
Maces & Flails | 1 2 4 |  4.0
Polearms       | 1 2 4 |  4.0
Staves         | 1 2 4 |  4.0
Slings         | 1 2 4 |  4.0
Bows           | 1 2 4 |  4.0
Crossbows      | 1 2 4 |  4.0
Dodging        | 1 2 4 |  4.0
Stealth        | 1 2 4 |  4.0
Unarmed Combat | 1 2 4 |  4.0
Evocations     | 1 2 4 |  4.0
Conjurations   | 1 2 3 |  3.2
Hexes          | 1 2 3 |  3.2
Charms         | 1 2 3 |  3.2
Summonings     | 1 2 3 |  3.2
Necromancy     | 1 2 3 |  3.2
Translocations | 1 2 3 |  3.2
Fire Magic     | 1 2 3 |  3.2
Ice Magic      | 1 2 3 |  3.2
Air Magic      | 1 2 3 |  3.2
Earth Magic    | 1 2 3 |  3.2
Poison Magic   | 1 2 3 |  3.2
Axes           | 3 4 |  4.8
Throwing       | 3 4 |  4.8
Shields        | 3 4 |  4.8
Armour         | 5 6 |  6.1

Action                   |  1- 3 |  4- 6 |  7- 9 || total
-------------------------+-------+-------+-------++-------
Melee: Club              |   124 |   106 |       ||   230
       Bite              |    10 |    27 |    14 ||    51
       Mace              |       |   148 |   118 ||   266
Throw: Javelin           |     4 |       |       ||     4
Invok: Berserk           |       |     1 |     5 ||     6
  Use: Scroll            |     4 |     3 |     6 ||    13
       Potion            |       |     5 |     5 ||    10
 Stab: Invisible         |       |     2 |       ||     2
  Eat: Chunk             |     6 |    13 |    11 ||    30
Armor: Scale mail        |    68 |       |       ||    68
       Plate armour      |    52 |   251 |    95 ||   398
Dodge: Dodged            |    69 |   100 |    49 ||   218
Block: Buckler           |    49 |    69 |    51 ||   169

Table legend:
 A = Spawn XP
 B = Non-spawn XP
 C = Spawn XP percentage of total XP
 D = Spawn monster count
 E = Non-spawn monster count
 F = Spawn count percentage of total count
 G = Total turns spent on level
                    A         B        C        D         E        F      G
               +---------+---------+-------+---------+---------+-------+---------
         Total |       0 |    2910 |   0.0 |       0 |     116 |   0.0 |  5761
               +---------+---------+-------+---------+---------+-------+---------
           D:1 |       0 |      29 |   0.0 |       0 |      17 |   0.0 |  1266
           D:2 |       0 |     163 |   0.0 |       0 |      22 |   0.0 |  1785
           D:3 |       0 |     116 |   0.0 |       0 |      27 |   0.0 |   724
           D:4 |       0 |     454 |   0.0 |       0 |      11 |   0.0 |   570
           D:5 |       0 |     837 |   0.0 |       0 |      25 |   0.0 |   421
           D:6 |       0 |     605 |   0.0 |       0 |      13 |   0.0 |   979
           D:7 |       0 |     706 |   0.0 |       0 |       1 |   0.0 |    16
               +---------+---------+-------+---------+---------+-------+---------
